[Event "39th Olympiad Khanty-Mansiysk 2010"]
[Site "Khanty-Mansiysk/Russia"]
[Date "2010.09.21"]
[Round "1"]
[White "Ranaivoharisoa, Alain"]
[Black "Miezis, Normunds"]
[Result "0-1"]
[WhiteElo "2153"]
[BlackElo "2519"]
[PlyCount "78"]
[EventDate "2010.??.??"]
[WhiteTeam "Madagascar"]
[BlackTeam "Latvia"]
[WhiteTeamCountry "MAD"]
[BlackTeamCountry "LAT"]
[TimeControl "40/5400+30:1800+30"]

1. e4 c5 2. Nf3 e6 3. d4 cxd4 4. Nxd4 a6 5. c4 Nf6 6. Nc3 Qc7 7. a3 Nc6 8. Be3
Be7 9. Be2 h5 10. h3 Rb8 11. Rc1 b6 12. Nd5 exd5 13. cxd5 Nxe4 14. dxc6 Qe5 15.
b4 O-O 16. Qd3 Bf6 17. Bf3 Re8 18. O-O Ra8 19. cxd7 Bxd7 20. Nc6 Bxc6 21. Rxc6
b5 22. Rfc1 h4 23. Rc7 Rad8 24. Rd7 Ng5 25. Bg4 Ne6 26. Rc6 Nf4 27. Qd2 Qe4 28.
Bf3 Qf5 29. Rxf6 Qxf6 30. Rxd8 Rxd8 31. Qc1 Nd3 32. Qb1 Ne5 33. Be4 Nc4 34. Qc1
Nxe3 35. fxe3 g6 36. Bf3 Rd3 37. Kf2 Kg7 38. Ke2 Rc3 39. Qd2 Rxa3 0-1

[Event "39th Olympiad Khanty-Mansiysk 2010"]
[Site "Khanty-Mansiysk/Russia"]
[Date "2010.09.21"]
[Round "1"]
[White "Matoewi, Roger"]
[Black "Agrest, Evgenij"]
[Result "0-1"]
[WhiteElo "2151"]
[BlackElo "2585"]
[PlyCount "76"]
[EventDate "2010.??.??"]
[WhiteTeam "Surinam"]
[BlackTeam "Sweden"]
[WhiteTeamCountry "SUR"]
[BlackTeamCountry "SWE"]
[TimeControl "40/5400+30:1800+30"]

1. e4 c6 2. d4 d5 3. Nc3 dxe4 4. Nxe4 Bf5 5. Ng3 Bg6 6. Nf3 Nd7 7. h4 h6 8. h5
Bh7 9. Bd3 Bxd3 10. Qxd3 e6 11. Bd2 Ngf6 12. O-O-O Be7 13. Qe2 c5 14. dxc5 Qc7
15. Rh4 Rc8 16. Kb1 O-O 17. Nf5 exf5 18. Qxe7 Rfe8 19. Qd6 Qxc5 20. Qxc5 Nxc5
21. Be3 Ng4 22. Nd4 Rcd8 23. Rf1 Ne4 24. Kc1 g5 25. hxg6 fxg6 26. c3 g5 27.
Rxg4 fxg4 28. Nf5 Re6 29. Rh1 Kh7 30. Nd4 Rg6 31. Kc2 Re8 32. Rd1 Rf6 33. f3
Nxc3 34. Bxg5 Nxd1 35. Bxf6 Ne3+ 36. Kd3 Nd5 37. Bh4 Nf4+ 38. Kc4 Nxg2 0-1

[Event "39th Olympiad Khanty-Mansiysk 2010"]
[Site "Khanty-Mansiysk/Russia"]
[Date "2010.09.21"]
[Round "1"]
[White "Van Hoolandt, Patrick"]
[Black "Kovacevic, Aleksandar"]
[Result "0-1"]
[WhiteElo "2151"]
[BlackElo "2582"]
[PlyCount "92"]
[EventDate "2010.??.??"]
[WhiteTeam "Monaco"]
[BlackTeam "SRB"]
[WhiteTeamCountry "MNC"]
[TimeControl "40/5400+30:1800+30"]

1. d4 Nf6 2. c4 e6 3. Nf3 c5 4. d5 d6 5. Nc3 exd5 6. cxd5 g6 7. h3 Bg7 8. e4 a6
9. a4 Nbd7 10. Bd3 Nh5 11. O-O Ne5 12. Be2 Nxf3+ 13. Bxf3 Qh4 14. Bxh5 gxh5 15.
Ra3 Rg8 16. Ne2 Be5 17. Kh1 Qxe4 18. Nf4 Bf5 19. Re1 Qc2 20. Qxc2 Bxc2 21. Re2
Bf5 22. Nxh5 O-O-O 23. Rf3 Bb1 24. Nf6 Rg6 25. Ng4 f6 26. Nh6 Kd7 27. a5 c4 28.
Nf5 Rc8 29. Nh4 Rgg8 30. Ra3 Bd3 31. Re1 Bd4 32. Kg1 Rce8 33. Nf3 Rxe1+ 34.
Nxe1 Be4 35. Kf1 Bxd5 36. Ra4 Bc6 37. Ra3 Bc5 38. Ra1 d5 39. Be3 Kd6 40. Nc2
Bxe3 41. fxe3 d4 42. exd4 Rxg2 43. Ne3 Rh2 44. Nxc4+ Kd5 45. Ne3+ Kxd4 46. Ra3
Rxb2 0-1

[Event "39th Olympiad Khanty-Mansiysk 2010"]
[Site "Khanty-Mansiysk/Russia"]
[Date "2010.09.21"]
[Round "1"]
[White "Chumpitaz, Ann"]
[Black "Corbin, Rashida"]
[Result "1-0"]
[WhiteElo "2150"]
[BlackElo "1718"]
[PlyCount "61"]
[EventDate "2010.??.??"]
[WhiteTeam "Peru"]
[BlackTeam "Barbados"]
[WhiteTeamCountry "PER"]
[BlackTeamCountry "BAR"]
[TimeControl "40/5400+30:1800+30"]

1. d4 d5 2. Nf3 g6 3. Bf4 Bg7 4. e3 c6 5. Bd3 Nf6 6. h3 Nbd7 7. O-O Qb6 8. Qc1
Ne4 9. c4 Ndf6 10. Na3 Bf5 11. Qc2 O-O 12. Ne5 Qd8 13. c5 Nh5 14. Bh2 Nhf6 15.
f3 Bh6 16. Rae1 Nd6 17. cxd6 Bxd3 18. Nxd3 exd6 19. Kh1 Re8 20. Qf2 Bg7 21. Nc2
Re7 22. Qg3 Rd7 23. e4 Qa5 24. Qf2 Qxa2 25. e5 Ne8 26. exd6 Qb3 27. Nc5 Qxb2
28. Nxd7 a5 29. Rb1 Qc3 30. Rxb7 a4 31. Rb8 1-0

[Event "39th Olympiad Khanty-Mansiysk 2010"]
[Site "Khanty-Mansiysk/Russia"]
[Date "2010.09.21"]
[Round "1"]
[White "Stetsko, Lanita"]
[Black "Lim, Hakyung"]
[Result "1-0"]
[WhiteElo "2148"]
[BlackElo "1579"]
[PlyCount "47"]
[EventDate "2010.??.??"]
[WhiteTeam "Belarus"]
[BlackTeam "Korea"]
[WhiteTeamCountry "BLR"]
[BlackTeamCountry "KOR"]
[TimeControl "40/5400+30:1800+30"]

1. c4 c5 2. Nf3 Nf6 3. g3 Nc6 4. Bg2 g6 5. Nc3 Bg7 6. O-O O-O 7. d4 cxd4 8.
Nxd4 Nxd4 9. Qxd4 d6 10. h3 a6 11. Bg5 Ng4 12. Qd2 Ne5 13. b3 Re8 14. Rac1 Rb8
15. Rfd1 Be6 16. Nd5 Bf8 17. c5 dxc5 18. Qf4 Nd7 19. Nc7 f6 20. Nxe6 Qb6 21.
Rxd7 fxg5 22. Nxg5 Qf6 23. Qxf6 exf6 24. Bd5+ 1-0

[Event "39th Olympiad Khanty-Mansiysk 2010"]
[Site "Khanty-Mansiysk/Russia"]
[Date "2010.09.21"]
[Round "1"]
[White "Arauz, Samuel"]
[Black "Esen, Baris"]
[Result "0-1"]
[WhiteElo "2146"]
[BlackElo "2538"]
[PlyCount "94"]
[EventDate "2010.??.??"]
[WhiteTeam "TPE"]
[BlackTeam "Turkey"]
[BlackTeamCountry "TUR"]
[TimeControl "40/5400+30:1800+30"]

1. e4 c5 2. Nf3 d6 3. d4 cxd4 4. Nxd4 Nf6 5. Nc3 a6 6. a4 Nc6 7. Bc4 e6 8. Be3
Be7 9. Qe2 O-O 10. O-O Qc7 11. Bb3 Bd7 12. Kh1 Na5 13. Ba2 Rfc8 14. Rad1 Nc4
15. Bc1 Rab8 16. f4 b5 17. axb5 axb5 18. Bxc4 Qxc4 19. e5 Qxe2 20. Ndxe2 Ne8
21. Nd4 f6 22. f5 dxe5 23. fxe6 Bc6 24. Nf5 Bc5 25. Nd5 Kf8 26. c3 Bxd5 27.
Rxd5 Rb6 28. Rxe5 fxe5 29. Nd6+ Kg8 30. Nxc8 Rxe6 31. b4 Rc6 32. bxc5 Rxc8 33.
Rf5 Rxc5 34. Ba3 g6 35. Rf3 Rd5 36. g4 Nc7 37. Rf8+ Kg7 38. h4 Rd3 39. Rb8 Rxc3
40. Bd6 Kf6 41. Rb7 Nd5 42. Rxb5 Ke6 43. Bc5 Rh3+ 44. Kg2 Nf4+ 45. Kf2 Rxh4 46.
Kf3 Rh3+ 47. Ke4 Nd5 0-1

[Event "39th Olympiad Khanty-Mansiysk 2010"]
[Site "Khanty-Mansiysk/Russia"]
[Date "2010.09.21"]
[Round "1"]
[White "Otgonjargal, Sengeravdan"]
[Black "Isayeva, Aknur"]
[Result "1-0"]
[WhiteElo "2143"]
[BlackElo "2025"]
[PlyCount "111"]
[EventDate "2010.??.??"]
[WhiteTeam "Mongolia"]
[BlackTeam "Turkmenistan"]
[WhiteTeamCountry "MGL"]
[BlackTeamCountry "TKM"]
[TimeControl "40/5400+30:1800+30"]

1. e4 c5 2. Nf3 Nc6 3. Bb5 g6 4. O-O Bg7 5. c3 d5 6. d3 dxe4 7. dxe4 Bd7 8. Qe2
Qc7 9. Be3 b6 10. Nbd2 Nf6 11. Rac1 O-O 12. b4 cxb4 13. cxb4 Qb7 14. Ba6 Qb8
15. a3 Ne8 16. Nb3 Nc7 17. Bc4 Qb7 18. Bf4 e5 19. Be3 Be6 20. Ng5 Bd7 21. Qc2
Rac8 22. Rfd1 Nb8 23. Qa2 Be8 24. Nd2 h6 25. Ngf3 Ba4 26. Re1 Nc6 27. Nb1 Bb5
28. Bb3 Nd4 29. Nxd4 exd4 30. Bf4 Ne8 31. Nd2 Nf6 32. Rxc8 Rxc8 33. h3 Qe7 34.
Bg3 Nd7 35. Qb1 Ne5 36. a4 Bd3 37. Qa2 Nc6 38. b5 Na5 39. Bd1 Nc4 40. Bg4 Nxd2
41. Bxc8 Nxe4 42. Qb3 Nc5 43. Rxe7 Nxb3 44. Rxa7 Be2 45. Bg4 Bxg4 46. hxg4 d3
47. Ra8+ Kh7 48. Rd8 Nd4 49. Kf1 d2 50. Rxd4 Bxd4 51. Ke2 d1=Q+ 52. Kxd1 Kg7
53. Kd2 Kf6 54. Kd3 Bc5 55. Kc4 Kg5 56. a5 1-0

[Event "39th Olympiad Khanty-Mansiysk 2010"]
[Site "Khanty-Mansiysk/Russia"]
[Date "2010.09.21"]
[Round "1"]
[White "Nepali, Badrilal"]
[Black "Leon Hoyos, Manuel"]
[Result "0-1"]
[WhiteElo "2135"]
[BlackElo "2579"]
[PlyCount "48"]
[EventDate "2010.??.??"]
[WhiteTeam "Nepal"]
[BlackTeam "Mexico"]
[WhiteTeamCountry "NEP"]
[BlackTeamCountry "MEX"]
[TimeControl "40/5400+30:1800+30"]

1. e4 c5 2. Nf3 Nc6 3. d4 cxd4 4. Nxd4 g6 5. Be3 Nf6 6. Nc3 Bg7 7. Nxc6 bxc6 8.
e5 Ng8 9. f4 Nh6 10. Qd2 Ng8 11. Qd1 Nh6 12. Qd2 d6 13. O-O-O Bg4 14. Be2 O-O
15. h3 Bxe2 16. Qxe2 Qa5 17. Qd2 Qd8 18. Qe2 Qa5 19. exd6 Qd8 20. Qd2 Qa5 21.
Qe2 Nf5 22. dxe7 Rfe8 23. Bf2 Bxc3 24. bxc3 Rxe7 0-1

[Event "39th Olympiad Khanty-Mansiysk 2010"]
[Site "Khanty-Mansiysk/Russia"]
[Date "2010.09.21"]
[Round "1"]
[White "Al Sulaiti, Ali"]
[Black "Xie, George Wendi"]
[Result "0-1"]
[WhiteElo "2134"]
[BlackElo "2478"]
[PlyCount "94"]
[EventDate "2010.??.??"]
[WhiteTeam "BRN"]
[BlackTeam "Australia"]
[BlackTeamCountry "AUS"]
[TimeControl "40/5400+30:1800+30"]

1. d4 Nf6 2. Bg5 c5 3. d5 g6 4. c4 Qb6 5. Qc2 Ne4 6. Bc1 Bg7 7. f3 Qb4+ 8. Nd2
Nxd2 9. Bxd2 Qxb2 10. Qxb2 Bxb2 11. Rb1 Bg7 12. e4 d6 13. f4 b6 14. Nf3 Bg4 15.
Be2 f5 16. Ng5 Bxe2 17. Kxe2 Na6 18. Ne6 Bf6 19. a4 fxe4 20. Ke3 Kd7 21. g4
Rhe8 22. Kxe4 Nc7 23. f5 gxf5+ 24. gxf5 Nxe6 25. fxe6+ Kc7 26. Rhg1 Rg8 27.
Rbf1 a6 28. Rg3 Rxg3 29. hxg3 b5 30. g4 bxa4 31. g5 Be5 32. Kd3 Rb8 33. Ba5+
Kb7 34. Bc3 Kc7 35. Ba5+ Kb7 36. Bc3 Bxc3 37. Kxc3 Kb6 38. Rf7 Ka5 39. Rxh7 a3
40. Rh2 Ka4 41. Rh1 a2 42. Ra1 Ka3 43. Kd3 Rb1 44. Rxa2+ Kxa2 45. Ke4 Kb3 46.
Kf5 Rf1+ 47. Kg6 Kxc4 0-1

[Event "39th Olympiad Khanty-Mansiysk 2010"]
[Site "Khanty-Mansiysk/Russia"]
[Date "2010.09.21"]
[Round "1"]
[White "Papatryfonos, Constantino"]
[Black "Barsov, Alexei"]
[Result "1/2-1/2"]
[WhiteElo "2133"]
[BlackElo "2509"]
[PlyCount "38"]
[EventDate "2010.??.??"]
[WhiteTeam "Cyprus"]
[BlackTeam "Uzbekistan"]
[WhiteTeamCountry "CYP"]
[BlackTeamCountry "UZB"]
[TimeControl "40/5400+30:1800+30"]

1. d4 d5 2. Bf4 Nf6 3. e3 e6 4. Nf3 Bd6 5. Bg3 Ne4 6. Nbd2 Nxg3 7. hxg3 c5 8.
c3 Nc6 9. Bd3 g6 10. e4 cxd4 11. cxd4 dxe4 12. Nxe4 Bb4+ 13. Kf1 Bd7 14. Qe2
Be7 15. d5 exd5 16. Nf6+ Kf8 17. Nxd5 Bf6 18. Rd1 Bg7 19. Bc4 Be8 1/2-1/2

[Event "39th Olympiad Khanty-Mansiysk 2010"]
[Site "Khanty-Mansiysk/Russia"]
[Date "2010.09.21"]
[Round "1"]
[White "Mendoza, Rodrigo"]
[Black "Pavasovic, Dusko"]
[Result "0-1"]
[WhiteElo "2124"]
[BlackElo "2568"]
[PlyCount "52"]
[EventDate "2010.??.??"]
[WhiteTeam "Bolivia"]
[BlackTeam "Slovenia"]
[WhiteTeamCountry "BOL"]
[BlackTeamCountry "SLO"]
[TimeControl "40/5400+30:1800+30"]

1. d4 d5 2. c4 e6 3. Nc3 c6 4. e3 Nf6 5. Bd3 Nbd7 6. Qc2 Bd6 7. Nf3 O-O 8. O-O
dxc4 9. Bxc4 b5 10. Bd3 Bb7 11. Rd1 a6 12. e4 e5 13. h3 Qc7 14. Bg5 Rfe8 15.
Rac1 exd4 16. Nxd4 c5 17. Nf5 Bh2+ 18. Kf1 c4 19. Be2 Nxe4 20. Ne7+ Rxe7 21.
Bxe7 Nxf2 22. Nd5 Qe5 23. Kxf2 Bxd5 24. Rxd5 Qxd5 25. Rd1 Qe6 26. Bf1 Nb8 0-1

[Event "39th Olympiad Khanty-Mansiysk 2010"]
[Site "Khanty-Mansiysk/Russia"]
[Date "2010.09.21"]
[Round "1"]
[White "Enkhtuul, Altanulzii"]
[Black "Hallayeva, Bahar"]
[Result "0-1"]
[WhiteElo "2122"]
[BlackElo "2174"]
[PlyCount "158"]
[EventDate "2010.??.??"]
[WhiteTeam "Mongolia"]
[BlackTeam "Turkmenistan"]
[WhiteTeamCountry "MGL"]
[BlackTeamCountry "TKM"]
[TimeControl "40/5400+30:1800+30"]

1. Nf3 d5 2. c4 d4 3. d3 c5 4. b4 cxb4 5. a3 e6 6. g3 Nc6 7. Bg2 Nf6 8. O-O Bc5
9. axb4 Bxb4 10. Bb2 O-O 11. Nbd2 e5 12. Nb3 Re8 13. Ba3 Qe7 14. Bxb4 Nxb4 15.
Nfd2 a6 16. Re1 Bf5 17. Na5 Rab8 18. Qb3 b6 19. Nc6 Nxc6 20. Bxc6 Rec8 21. Bg2
a5 22. Qb2 Qd6 23. Reb1 h6 24. h3 Bd7 25. Kh2 Qc7 26. Qa3 Bc6 27. Bxc6 Qxc6 28.
Rb5 Re8 29. f3 Nd7 30. Ne4 Re6 31. g4 Rf8 32. Ng3 Qc7 33. Kg2 g6 34. Qc1 Kh7
35. h4 f5 36. g5 h5 37. Rd5 Nc5 38. Qa3 Rc8 39. Rb1 Qc6 40. Rb5 Nd7 41. Qa4
Rce8 42. Qa3 Nb8 43. Rb2 Na6 44. Rdb5 Qc7 45. Rd5 Qe7 46. Qa4 Rd8 47. Rdb5 Nc5
48. Qa3 Qc7 49. Rxc5 bxc5 50. Rb5 Ra8 51. Rxc5 Qe7 52. Qb2 Qxc5 53. Qb7+ Re7
54. Qxa8 Ra7 55. Qe8 Qe7 56. Qa4 Qd7 57. Qa3 a4 58. c5 Kg7 59. Nf1 Qb5 60. Nd2
Rc7 61. c6 Qxc6 62. Nc4 Qe8 63. Qd6 Qe7 64. Qa6 Ra7 65. Qb6 Rb7 66. Qa5 a3 67.
Qxa3 Qxa3 68. Nxa3 Kf7 69. Nc4 Ke6 70. Kf2 Rb1 71. Kg2 Rc1 72. f4 Rxc4 73. dxc4
e4 74. Kf2 e3+ 75. Ke1 Kd6 76. Kd1 Kc5 77. Kc1 Kxc4 78. Kc2 d3+ 79. exd3+ Kd4
0-1

[Event "39th Olympiad Khanty-Mansiysk 2010"]
[Site "Khanty-Mansiysk/Russia"]
[Date "2010.09.21"]
[Round "1"]
[White "Sanon, Mondoly"]
[Black "Stefansson, Hannes"]
[Result "0-1"]
[WhiteElo "2120"]
[BlackElo "2585"]
[PlyCount "70"]
[EventDate "2010.??.??"]
[WhiteTeam "Haiti"]
[BlackTeam "Iceland"]
[WhiteTeamCountry "HAI"]
[BlackTeamCountry "ISL"]
[TimeControl "40/5400+30:1800+30"]

1. e4 c5 2. Nf3 e6 3. d4 cxd4 4. Nxd4 Nc6 5. Be3 Nf6 6. f3 d5 7. Nxc6 bxc6 8.
exd5 Nxd5 9. Bf2 Rb8 10. Qc1 Qf6 11. c3 Qe5+ 12. Kd1 Qc7 13. Kc2 e5 14. Nd2
Bf5+ 15. Ne4 Bg6 16. Bd3 Nf4 17. g3 Nxd3 18. Kxd3 f5 19. Nd2 e4+ 20. Ke2 Qd7
21. Be3 Be7 22. f4 O-O 23. Qc2 Rfd8 24. Rab1 Qd5 25. Nb3 Qb5+ 26. Kf2 Qa4 27.
Nd4 Qxc2+ 28. Nxc2 c5 29. b4 Rbc8 30. bxc5 Bxc5 31. Nd4 Bf7 32. Rb2 g6 33. Rd1
Bb6 34. Rc1 Bc4 35. Nc2 Rd2+ 0-1

[Event "39th Olympiad Khanty-Mansiysk 2010"]
[Site "Khanty-Mansiysk/Russia"]
[Date "2010.09.21"]
[Round "1"]
[White "Bezgodova, Svetlana"]
[Black "Frisk, Ellinor"]
[Result "0-1"]
[WhiteElo "2120"]
[BlackElo "2113"]
[PlyCount "112"]
[EventDate "2010.??.??"]
[WhiteTeam "RU3"]
[BlackTeam "Sweden"]
[BlackTeamCountry "SWE"]
[TimeControl "40/5400+30:1800+30"]

1. Nf3 d5 2. b3 Bf5 3. Bb2 e6 4. e3 h6 5. c4 c6 6. Be2 Nf6 7. O-O Bd6 8. d3 O-O
9. Nbd2 Qe7 10. Qc2 e5 11. cxd5 cxd5 12. Rac1 Nc6 13. e4 dxe4 14. Nxe4 Nxe4 15.
dxe4 Bg4 16. Rfd1 Bxf3 17. Bxf3 Rad8 18. Be2 Ba3 19. Bc4 Bxb2 20. Qxb2 Rxd1+
21. Rxd1 Nd4 22. Qd2 b5 23. Bd3 Rc8 24. Rc1 Qd7 25. Rxc8+ Qxc8 26. h3 Qc5 27.
Kh2 b4 28. Bc4 a5 29. Qc1 Kf8 30. Qd1 a4 31. Qh5 Qc7 32. Bd5 axb3 33. axb3 Qe7
34. Qd1 Kg8 35. Qc1 Qf6 36. Qc8+ Kh7 37. Kg1 Ne2+ 38. Kf1 Nc3 39. Qg4 Kg8 40.
h4 Qd8 41. Bc4 Qa8 42. Kg1 Nxe4 43. Qd7 Qf8 44. Qd5 Nd6 45. Qxe5 Nxc4 46. bxc4
b3 47. Qb5 Qa3 48. Qe8+ Qf8 49. Qb5 Qa3 50. Qe8+ Kh7 51. Qxf7 Qa1+ 52. Kh2 Qe5+
53. Kh3 b2 54. f4 Qc3+ 55. g3 b1=Q 56. f5 Qh1+ 0-1

[Event "39th Olympiad Khanty-Mansiysk 2010"]
[Site "Khanty-Mansiysk/Russia"]
[Date "2010.09.21"]
[Round "1"]
[White "Tay, Li Jin Jeslin"]
[Black "Pogonina, Natalija"]
[Result "0-1"]
[WhiteElo "2119"]
[BlackElo "2491"]
[PlyCount "110"]
[EventDate "2010.??.??"]
[WhiteTeam "Singapore"]
[BlackTeam "RU2"]
[WhiteTeamCountry "SIN"]
[TimeControl "40/5400+30:1800+30"]

1. d4 Nf6 2. c4 e6 3. Nc3 Bb4 4. e3 O-O 5. Nge2 d5 6. a3 Be7 7. cxd5 exd5 8. g3
Nbd7 9. Bg2 Nb6 10. O-O a5 11. Nf4 Re8 12. a4 c6 13. b3 Bb4 14. Qc2 Qe7 15. Bb2
g6 16. Nd3 Bf5 17. Qe2 Bd6 18. Rfc1 Nbd7 19. Nb1 h5 20. Ba3 Bxa3 21. Nxa3 h4
22. Nc2 Kg7 23. Nce1 hxg3 24. hxg3 Rh8 25. Nf3 Be4 26. Nc5 Nxc5 27. dxc5 Rh5
28. Qb2 Qd7 29. Ne5 Qe6 30. f3 Qxe5 31. Qxe5 Rxe5 32. fxe4 Nxe4 33. Bxe4 Rxe4
34. Rc3 Rae8 35. Kf2 g5 36. Rd3 R8e6 37. Rg1 f5 38. Rh1 Rh6 39. Rxh6 Kxh6 40.
Rd1 Rb4 41. Rh1+ Kg6 42. Rh8 Rxb3 43. Rg8+ Kh5 44. Ke2 Kg4 45. Rg7 Rc3 46. Rxb7
Kxg3 47. Rf7 Kg4 48. Ra7 Rxc5 49. Ra8 f4 50. exf4 Kxf4 51. Rf8+ Kg3 52. Rf3+
Kg4 53. Rf6 Rc4 54. Ke3 c5 55. Rc6 Kf5 0-1

[Event "39th Olympiad Khanty-Mansiysk 2010"]
[Site "Khanty-Mansiysk/Russia"]
[Date "2010.09.21"]
[Round "1"]
[White "Ovezova, Maisa"]
[Black "Ankhchimeg, Bayanmunh"]
[Result "0-1"]
[WhiteElo "2117"]
[BlackElo "2153"]
[PlyCount "90"]
[EventDate "2010.??.??"]
[WhiteTeam "Turkmenistan"]
[BlackTeam "Mongolia"]
[WhiteTeamCountry "TKM"]
[BlackTeamCountry "MGL"]
[TimeControl "40/5400+30:1800+30"]

1. d4 Nf6 2. e3 d5 3. Bd3 c5 4. c3 cxd4 5. exd4 Nc6 6. Nf3 Bg4 7. h3 Bh5 8. O-O
e6 9. Bg5 Qb6 10. Qe2 Be7 11. a4 O-O 12. g4 Bg6 13. Bxg6 hxg6 14. Ne5 Rfe8 15.
Kg2 Ne4 16. Bxe7 Nxe7 17. f3 Nd6 18. Na3 Rac8 19. Nb5 Nc4 20. Nd7 Qd8 21. Nc5
a6 22. Na3 Nd6 23. Nd3 g5 24. f4 Ng6 25. Qe3 gxf4 26. Nxf4 Qg5 27. Rae1 Ne4 28.
Nxg6 Qxg6 29. Kh2 Rb8 30. Nb1 b5 31. axb5 Rxb5 32. b4 Nd6 33. Rf2 Nc4 34. Qf3
a5 35. bxa5 Rxa5 36. Nd2 Nxd2 37. Rxd2 Rea8 38. h4 Qh6 39. Qf2 Ra3 40. Rc2 Qg6
41. g5 Ra1 42. Rxa1 Rxa1 43. Ra2 Qf5 44. Rb2 Qe4 45. Kg3 Rh1 0-1

[Event "39th Olympiad Khanty-Mansiysk 2010"]
[Site "Khanty-Mansiysk/Russia"]
[Date "2010.09.21"]
[Round "1"]
[White "Righi, Ezio"]
[Black "Abdel Razik, Khaled"]
[Result "0-1"]
[WhiteElo "2116"]
[BlackElo "2480"]
[PlyCount "94"]
[EventDate "2010.??.??"]
[WhiteTeam "San Marino"]
[BlackTeam "Egypt"]
[WhiteTeamCountry "SMR"]
[BlackTeamCountry "EGY"]
[TimeControl "40/5400+30:1800+30"]

1. e4 e6 2. d4 d5 3. Nc3 Be7 4. Nf3 Nf6 5. Bd3 dxe4 6. Nxe4 Nbd7 7. Qe2 c5 8.
Nxf6+ Nxf6 9. dxc5 Qa5+ 10. c3 Qxc5 11. Be3 Qc7 12. Bd4 Bc5 13. Bb5+ Ke7 14.
O-O a6 15. Ba4 Bxd4 16. Nxd4 Rd8 17. Rfe1 Kf8 18. Rad1 Bd7 19. Bb3 Kg8 20. Nf3
Bb5 21. Qe5 Qb6 22. h3 a5 23. Nd4 Be8 24. Re2 a4 25. Bc4 h6 26. Red2 Ra5 27.
Qe3 Raa8 28. Nf5 Qxe3 29. Nxe3 Rxd2 30. Rxd2 a3 31. bxa3 Ne4 32. Rb2 Bc6 33.
Bb5 Rxa3 34. Bxc6 bxc6 35. c4 f5 36. Nc2 Rd3 37. Nb4 Rd1+ 38. Kh2 c5 39. Na6 f4
40. Re2 Nd2 41. h4 Nf1+ 42. Kh3 h5 43. g4 Rd3+ 44. f3 Rxf3+ 45. Kg2 hxg4 46.
Nxc5 Ne3+ 47. Kg1 Rf1+ 0-1

[Event "39th Olympiad Khanty-Mansiysk 2010"]
[Site "Khanty-Mansiysk/Russia"]
[Date "2010.09.21"]
[Round "1"]
[White "Marcos, Joselito"]
[Black "Ghaem, Maghami Ehsan"]
[Result "0-1"]
[WhiteElo "2115"]
[BlackElo "2594"]
[PlyCount "57"]
[EventDate "2010.??.??"]
[WhiteTeam "Papua New Guinea"]
[BlackTeam "Iran"]
[WhiteTeamCountry "PNG"]
[BlackTeamCountry "IRI"]
[TimeControl "40/5400+30:1800+30"]

1. Nf3 Nf6 2. g3 b5 3. Bg2 Bb7 4. b3 e6 5. Bb2 c5 6. c4 Bc8 7. Bc1 Bb7 8. Bb2
b4 9. O-O Be7 10. d3 d5 11. Nbd2 O-O 12. Ne5 Nbd7 13. Nxd7 Qxd7 14. Rc1 Rac8
15. h3 Qd8 16. Ra1 Ra8 17. Bc1 dxc4 18. Bb2 Qd7 19. Rc1 Rac8 20. Rc2 Rfd8 21.
Bxb7 Ra8 22. Bxa8 Rxa8 23. Nf3 Qd8 24. Bc1 Bf8 25. Bb2 Be7 26. Nd2 Qd7 27. Rc1
Rc8 28. Rc2 Qb7 29. Nf3 0-1

[Event "39th Olympiad Khanty-Mansiysk 2010"]
[Site "Khanty-Mansiysk/Russia"]
[Date "2010.09.21"]
[Round "1"]
[White "Andersson, Christin"]
[Black "Bezgodova, Mariya"]
[Result "1-0"]
[WhiteElo "2113"]
[BlackElo "2170"]
[PlyCount "141"]
[EventDate "2010.??.??"]
[WhiteTeam "Sweden"]
[BlackTeam "RU3"]
[WhiteTeamCountry "SWE"]
[TimeControl "40/5400+30:1800+30"]

1. e4 e5 2. Nf3 Nc6 3. Bc4 Bc5 4. c3 Nf6 5. d3 d6 6. Bb3 a6 7. h3 Ba7 8. Nbd2
O-O 9. Nf1 Be6 10. Ng3 h6 11. O-O d5 12. Qe2 Re8 13. Be3 d4 14. Bd2 dxc3 15.
bxc3 Qd7 16. Be3 Bxb3 17. axb3 Rad8 18. Rfd1 Qe6 19. Rab1 Re7 20. Nf5 Red7 21.
N3h4 Bxe3 22. Nxe3 Ne7 23. Nhf5 Ng6 24. g3 Qc6 25. c4 Nf8 26. Nd5 Kh7 27. Kh2
Nxd5 28. exd5 Qf6 29. Ne3 Ng6 30. Ng4 Qd6 31. Ne3 Qf6 32. Rbc1 c6 33. Re1 cxd5
34. Nxd5 Qe6 35. d4 exd4 36. Qxe6 fxe6 37. Rxe6 Rf7 38. Kg2 Rdf8 39. f4 Rd8 40.
Rd1 Rfd7 41. Kf3 h5 42. h4 Rd6 43. Rxd6 Rxd6 44. Ke4 Nf8 45. Kxd4 Rg6 46. Rg1
Ne6+ 47. Ke3 Nc5 48. b4 Nd7 49. Kd4 Nb8 50. f5 Rg4+ 51. Nf4 Nc6+ 52. Kc5 Ne5
53. Kd5 Nf3 54. Rf1 Rxg3 55. Nxh5 Rh3 56. Nf4 Rg3 57. Nh5 Rh3 58. f6 gxf6 59.
Nxf6+ Kg6 60. Ne4 Nxh4 61. Rf6+ Kh5 62. Rb6 Rd3+ 63. Kc5 Re3 64. Nf6+ Kg5 65.
Nd5 Rb3 66. Rxb7 Nf5 67. Ra7 Ra3 68. b5 a5 69. b6 a4 70. b7 Rb3 71. Nb6 1-0

[Event "39th Olympiad Khanty-Mansiysk 2010"]
[Site "Khanty-Mansiysk/Russia"]
[Date "2010.09.21"]
[Round "1"]
[White "Cu, Hor Winston"]
[Black "Saric, Ivan"]
[Result "0-1"]
[WhiteElo "2106"]
[BlackElo "2567"]
[PlyCount "82"]
[EventDate "2010.??.??"]
[WhiteTeam "Guatemala"]
[BlackTeam "Croatia"]
[WhiteTeamCountry "GUA"]
[BlackTeamCountry "CRO"]
[TimeControl "40/5400+30:1800+30"]

1. d4 Nf6 2. c4 g6 3. Nc3 Bg7 4. e4 d6 5. Nf3 O-O 6. Be2 c6 7. O-O e5 8. d5 Na6
9. Bg5 h6 10. Bh4 Qc7 11. Nd2 Nh7 12. Nb3 c5 13. g4 Bf6 14. Bxf6 Nxf6 15. Nd2
Qe7 16. Kh1 Nh7 17. Rg1 Kh8 18. Nf3 Ng5 19. Nxg5 hxg5 20. a3 Kg7 21. Qd2 Rh8
22. Rab1 Bd7 23. b4 Rh4 24. Rg2 Rah8 25. Bd1 cxb4 26. axb4 Rh3 27. f3 Qf6 28.
Kg1 Rc8 29. Be2 Qd8 30. Qe3 Qb6 31. Nd1 Ba4 32. Qxb6 axb6 33. Nf2 Rhh8 34. b5
Nc5 35. Kh1 Nb3 36. Nd3 Nd2 37. Rb4 Rxc4 38. Rb2 Nb3 39. Rg1 Rc3 40. Nb4 Nd4
41. Na2 Re3 0-1

[Event "39th Olympiad Khanty-Mansiysk 2010"]
[Site "Khanty-Mansiysk/Russia"]
[Date "2010.09.21"]
[Round "1"]
[White "El Jawich, Amro"]
[Black "Mekhitarian, Krikor Sevag"]
[Result "0-1"]
[WhiteElo "2105"]
[BlackElo "2550"]
[PlyCount "54"]
[EventDate "2010.??.??"]
[WhiteTeam "Lebanon"]
[BlackTeam "Brazil"]
[WhiteTeamCountry "LBN"]
[BlackTeamCountry "BRA"]
[TimeControl "40/5400+30:1800+30"]

1. e4 c5 2. Nc3 Nc6 3. Bb5 Nd4 4. Bc4 e6 5. Nge2 Nc6 6. O-O a6 7. a4 Nf6 8. d3
Be7 9. Bg5 O-O 10. f4 d6 11. Rf3 d5 12. Bxf6 Bxf6 13. exd5 exd5 14. Nxd5 Bxb2
15. Rb1 Bf6 16. Nxf6+ Qxf6 17. Rg3 Re8 18. Qd2 Rb8 19. Nc3 Bf5 20. Kh1 Nb4 21.
Nd5 Nxd5 22. Bxd5 Qd4 23. Bb3 Re7 24. Re1 Qxf4 25. Qc3 Qd4 26. Qd2 Rbe8 27.
Rxe7 Rxe7 0-1

[Event "39th Olympiad Khanty-Mansiysk 2010"]
[Site "Khanty-Mansiysk/Russia"]
[Date "2010.09.21"]
[Round "1"]
[White "Gauci, Joseph"]
[Black "Brunello, Sabino"]
[Result "0-1"]
[WhiteElo "2099"]
[BlackElo "2497"]
[PlyCount "134"]
[EventDate "2010.??.??"]
[WhiteTeam "Malta"]
[BlackTeam "Italy"]
[WhiteTeamCountry "MLT"]
[BlackTeamCountry "ITA"]
[TimeControl "40/5400+30:1800+30"]

1. Nf3 Nf6 2. d4 c5 3. g3 cxd4 4. Nxd4 d5 5. Bg2 e5 6. Nb3 Nc6 7. O-O Be6 8.
Bg5 Be7 9. Nc3 d4 10. Bxf6 gxf6 11. Ne4 Qb6 12. c3 f5 13. Ned2 dxc3 14. bxc3 h5
15. Rb1 Qc7 16. e3 h4 17. Re1 hxg3 18. hxg3 O-O-O 19. Qe2 f4 20. exf4 exf4 21.
Nf1 fxg3 22. Nxg3 Bd5 23. Nd4 Bxg2 24. Kxg2 Bf6 25. Nxc6 Qxc6+ 26. Qe4 Qxe4+
27. Rxe4 Rd7 28. Rc4+ Rc7 29. Rxc7+ Kxc7 30. Ne4 Be5 31. Rb5 f6 32. f4 Bxf4 33.
Nxf6 Kc6 34. Rf5 Bb8 35. Ng4 Rd8 36. Kf1 Rd1+ 37. Ke2 Ra1 38. Kd3 Rxa2 39. Rf6+
Kb5 40. Ne3 Rh2 41. c4+ Ka4 42. Rf7 Rb2 43. Nd5 Be5 44. Rf5 Rb3+ 45. Kc2 Bd4
46. Rf4 Bc5 47. Nc3+ Kb4 48. Nd5+ Ka3 49. Rf1 Bd4 50. Rf4 Rb2+ 51. Kd3 Bc5 52.
Rf1 a6 53. Kc3 Rb3+ 54. Kc2 Bd4 55. Rf4 Rb2+ 56. Kd3 Bc5 57. Rf1 Rb3+ 58. Kc2
Bd4 59. Rf4 Rb2+ 60. Kd3 Bc5 61. Rf1 Kb3 62. Rf7 b6 63. Rb7 a5 64. Nc3 Rh2 65.
Nd5 Rh3+ 66. Kd2 Rh6 67. Kd3 a4 0-1